AoeStats
← csknahmet27

Oasis

510095173Analyzed
4v4 RM · 1d ago on Sep 29, 2026· 37m 54s· 8 players
Game mode
Random Map
Map size
Large (8 player)
Population
200
Speed
Normal
Resources
Standard
Victory
Conquest
Starting age
Dark Age
Ending age
Imperial Age
RankedLock teamsTeams togetherTeam positionsShared explorationLock speedFull tech treeHidden civsTurbo modeCheats
Victory
Defeat
1616
+12
🇪🇸 Franks · Spain
1525
+16
🇪🇸 Magyars · Spain
1521
+16
🇺🇸 Varangians · United States
1486
+17
🇭🇰 Khitans · Hong Kong SAR China
1722
-24
🇹🇷 Vikings · Türkiye
1461
-13
🇨🇳 Italians · China
1447
-12
🇹🇼 Persians · Taiwan
1437
-12
Monotone
3:56 Loom
9:28 Feudal Age
21:41 Double-Bit Axe
22:11 Horse Collar
31:24 Castle Age
29:36 Fletching
30:24 Bloodlines
32:10 Bodkin Arrow
32:52 Padded Archer Armor
35:55 Wheelbarrow
36:25 Leather Archer Armor
Nobody
6:04 Loom
8:25 Feudal Age
15:02 Castle Age
14:08 Double-Bit Axe
21:25 Squires
25:00 Husbandry
26:13 Scale Barding Armor
27:43 Chain Barding Armor
28:57 Wheelbarrow
29:46 Town Watch
32:05 Forging
32:12 Hand Cart
34:17 Bow Saw
34:22 Gold Mining
Pelopincho
7:11 Loom
9:16 Feudal Age
9:49 Double-Bit Axe
10:00 Horse Collar
17:24 Scale Barding Armor
19:09 Wheelbarrow
19:19 Bloodlines
23:06 Castle Age
21:54 Gold Mining
24:02 Heavy Plow
24:15 Bow Saw
24:06 Husbandry
23:27 Light Cavalry
24:28 Chain Barding Armor
24:46 Gold Shaft Mining
25:47 Hand Cart
28:03 Stone Mining
32:33 Imperial Age
32:51 Cavalier
34:07 Plate Barding Armor
34:43 Two-Man Saw
36:01 Paladin
Kamáximo Décimo Meridio
6:09 Loom
9:15 Feudal Age
10:47 Double-Bit Axe
13:36 Town Watch
14:34 Fletching
17:35 Horse Collar
20:00 Padded Archer Armor
21:12 Wheelbarrow
24:44 Castle Age
22:58 Gold Mining
22:59 Stone Mining
24:55 Crossbowman
25:45 Bodkin Arrow
27:54 Bow Saw
28:25 Bloodlines
28:16 Husbandry
29:53 Leather Archer Armor
30:38 Ballistics
36:16 Thumb Ring
39:38 Imperial Age
38:17 Heavy Plow
38:52 Gold Shaft Mining
Random Civ Pocket
6:26 Loom
8:50 Feudal Age
9:37 Double-Bit Axe
15:43 Forging
21:03 Castle Age
21:23 Fletching
22:00 Bow Saw
22:26 Husbandry
22:24 Bodkin Arrow
23:32 Padded Archer Armor
23:55 Gold Mining
25:56 Heavy Cavalry Archer
28:13 Ballistics
28:22 Leather Archer Armor
34:31 Husbandry
34:39 Thumb Ring
快樂 543
3:09 Loom
28:23 Feudal Age
32:49 Castle Age
32:04 Double-Bit Axe
33:17 Scale Barding Armor
33:25 Forging
36:22 Horse Collar
36:59 Bloodlines
牛比无极限
6:13 Loom
9:02 Feudal Age
13:14 Fletching
23:21 Horse Collar
24:04 Double-Bit Axe
26:29 Wheelbarrow
29:44 Castle Age
30:56 Bow Saw
30:48 Heavy Plow
30:50 Bodkin Arrow
34:09 Imperial Age
32:17 Ballistics
33:39 Padded Archer Armor
35:55 Chemistry
csknahmet27
10:02 Feudal Age
8:27 Loom
19:09 Castle Age
17:21 Fletching
17:20 Double-Bit Axe
18:13 Fletching
18:23 Padded Archer Armor
19:12 Crossbowman
25:26 Ballistics
25:12 Town Watch
30:04 Imperial Age
28:51 Bow Saw
28:39 Bodkin Arrow
29:01 Leather Archer Armor
30:05 Arbalester
32:18 Gold Mining
33:44 Bracer
34:23 Ring Archer Armor
Connection lost

Rejoining the realm…

Still unreachable

The connection could not be restored.

Session expired

The server has moved on; the page needs a fresh start.